 Dungeon Crawl Stone Soup version 0.18.1-48-g4cf74bf (webtiles) character file.

938 Mesmaeker13 the Cudgeler (level 8, -11/130 HPs)
             Began as an Ogre Gladiator on Aug 3, 2016.
             Engulfed by a cloud of flame (28 damage)
             ... on level 4 of the Dungeon.
             The game lasted 00:08:00 (3361 turns).

Mesmaeker13 the Cudgeler (Ogre Gladiator)           Turns: 3361, Time: 00:08:01

Health: -11/130    AC: 24    Str: 21    XL:     8   Next: 12%
Magic:  8/8        EV:  1    Int:  9    God:
Gold:   162        SH:  0    Dex: 12    Spells: 0 memorised, 7 levels left

rFire  . . .     SeeInvis +     d - +0 giant club
rCold  . . .     Gourm    +     (armour currently unavailable)
rNeg   + + +     Faith    .     (shield currently unavailable)
rPois  +         Spirit   .     (helmet currently unavailable)
rElec  .         Dismiss  .     (cloak currently unavailable)
rCorr  .         Reflect  .     (gloves unavailable)
SustAt .         Harm     .     (boots unavailable)
MR     .....     NoTele   +     r - amulet of the gourmand
Stlth  ++........               g - ring of see invisible
                                k - ring of stealth

@: tree-form, not resistant to hostile enchantments, unstealthy
A: unfitting armour, clever 1, screaming 1, (tough skin 0), no device heal 1
a: no special abilities


You were on level 4 of the Dungeon.
You were very full.
You were a tree.
You visited 1 branch of the dungeon, and saw 4 of its levels.

You collected 162 gold pieces.

Inventory:

Hand Weapons
 d - a +0 giant club (weapon)
Armour
 b - a +0 robe (melded)
 c - a +0 hat (melded)
 l - a +2 cloak (melded)
 z - a +0 large shield
Jewellery
 g - a ring of see invisible (right branch)
 k - a ring of stealth (left branch)
 r - an amulet of the gourmand (around neck)
Wands
 t - a wand of confusion (20/48)
Scrolls
 e - 3 scrolls of remove curse
 h - a scroll of magic mapping
 i - 2 scrolls of enchant weapon
 j - 2 scrolls of amnesia
 p - 3 scrolls of blinking {unknown}
 u - a scroll of enchant armour {unknown}
 v - 2 scrolls of random uselessness
 B - a scroll of teleportation {unknown}
Potions
 n - a potion of agility {unknown}
 o - a potion of lignification
 q - a potion of mutation
 s - a potion of flight {unknown}
 x - a potion of haste
Comestibles
 a - 2 chunks of flesh
 f - 2 bread rations
 m - a slice of pizza
 w - 4 meat rations


   Skills:
 + Level 7.5 Fighting
 + Level 7.5 Maces & Flails
 - Level 2.0 Throwing
 + Level 5.5 Dodging


You had 7 spell levels left.
You didn't know any spells.

Dungeon Overview and Level Annotations

Branches:
Dungeon (4/15)
 Temple: D:4-7

Altars:
Kikubaaqudgha
Qazlal
Ru


Innate Abilities, Weirdness & Mutations

You are too large for most types of armour.
((You have tough skin (AC +1).))
Your mind is acute. (Int +2)
You occasionally shout uncontrollably at your foes.
Potions and wands are less effective at restoring your health.


Message History

The ogre explodes!
You have reached level 8!
The fiery explosion engulfs you!
You are engulfed in roaring flames.
* * * LOW HITPOINT WARNING * * *
Unknown command.
Drink which item? (? for menu, Esc to quit)
It was a potion of curing.
You feel better.
You are engulfed in roaring flames.
* * * LOW HITPOINT WARNING * * *
Drink which item? (? for menu, Esc to quit)
You feel better.
You are engulfed in roaring flames.
* * * LOW HITPOINT WARNING * * *
You are engulfed in roaring flames.
You are engulfed in roaring flames.
* * * LOW HITPOINT WARNING * * *
Drink which item? (? for menu, Esc to quit)
Okay, then.
You hit the iguana.
The iguana is lightly wounded.
You are engulfed in roaring flames.
You die...

........#............
........#............
........#............
........#............ ........#
#.........@ ..).....#
#..@...O.). #...#####
#'########### #...#
#§##§.......# #...#
#§§§♣.......## #...#
#########§l.......... ....#
#......#.........##.#
#...####.#..........#### #.#
###......#....#.#..%# #.#####
#####.............#.######.....#
#............................#
#.###..#.....................# #
#.#......#..##...............#.#


You could see an iguana.

Vanquished Creatures
  Sigmund (D:4)
  The ghost of 4thArraOfDagon the Skirmisher, an amateur DsSu (D:4)
  3 ogres (D:4)
  2 scorpions (D:4)
  A hound (D:4)
  2 centaur skeletons (D:4)
  An orc priest (D:4)
  Jessica (D:2)
  Ijyb (D:2)
  An iguana (D:4)
  A worker ant (D:4)
  Robin (D:3)
  3 adders
  An ooze (D:1)
  7 worms
  2 dart slugs
  2 giant geckos
  5 orcs
  5 bats
  4 giant cockroaches
  12 goblins
  6 hobgoblins
  4 jackals (D:2)
  4 kobolds
  3 quokkas
  3 giant newts
  A quokka skeleton (D:4)
  4 rats
82 creatures vanquished.

Notes
Turn   | Place    | Note
--------------------------------------------------------------
     0 | D:1      | Mesmaeker13 the Ogre Gladiator began the quest for the Orb.
     0 | D:1      | Reached XP level 1. HP: 22/22 MP: 1/1
    99 | D:1      | Reached XP level 2. HP: 21/31 MP: 2/2
   326 | D:1      | Reached XP level 3. HP: 36/37 MP: 3/3
   735 | D:2      | Noticed Ijyb
   745 | D:2      | Killed Ijyb
   745 | D:2      | Reached XP level 4. HP: 39/48 MP: 4/4
   785 | D:2      | Found a stormy altar of Qazlal.
  1187 | D:2      | Noticed Jessica
  1204 | D:2      | Killed Jessica
  1204 | D:2      | Reached skill level 5 in Maces & Flails
  1204 | D:2      | Reached XP level 5. HP: 55/55 MP: 5/5
  1482 | D:3      | Noticed Robin
  1491 | D:3      | Killed Robin
  1677 | D:3      | Found a sacrificial altar of Ru.
  1677 | D:3      | Found an ancient bone altar of Kikubaaqudgha.
  1913 | D:4      | Reached skill level 5 in Fighting
  2043 | D:4      | Reached XP level 6. HP: 61/66 MP: 6/6
  2396 | D:4      | Noticed 4thArraOfDagon's ghost (amateur DsSu)
  2400 | D:4      | Gained mutation: Potions and wands are less effective at restoring your health. [potion of mutation]
  2400 | D:4      | Gained mutation: Your mind is acute. (Int +2) [potion of mutation]
  2400 | D:4      | Gained mutation: You occasionally shout uncontrollably at your foes. [potion of mutation]
  2436 | D:4      | Killed 4thArraOfDagon's ghost
  2958 | D:4      | Reached XP level 7. HP: 62/75 MP: 7/7
  3000 | D:4      | Reached skill level 5 in Dodging
  3316 | D:4      | Noticed Sigmund
  3356 | D:4      | Killed Sigmund
  3356 | D:4      | Reached XP level 8. HP: 57/87 MP: 8/8
  3361 | D:4      | Engulfed by a cloud of flame

Skill      XL: |  1  2  3  4  5  6  7 |
---------------+----------------------+-----
Fighting       | 3 4 5 6 7 |  7.5
Dodging        | 3 4 5 |  5.5
Maces & Flails | 5 6 7 |  7.5
Throwing       | |  2.0

Action                   |  1- 3 |  4- 6 |  7- 9 || total
-------------------------+-------+-------+-------++-------
Melee: Flail             |    62 |   192 |       ||   254
       Giant club        |       |       |    30 ||    30
Throw: Throwing net      |       |     8 |       ||     8
Evoke: Wand              |       |     4 |       ||     4
  Use: Scroll            |       |     3 |     3 ||     6
       Potion            |       |     2 |     3 ||     5
 Stab: Sleeping          |     4 |     3 |       ||     7
  Eat: Chunk             |       |    17 |     3 ||    20
Armor: Robe              |    17 |    57 |     6 ||    80
       Skin              |       |       |     7 ||     7
Dodge: Dodged            |    33 |    88 |    25 ||   146
